 Dungeon Crawl Stone Soup version 0.22.0-27-ga576289 (webtiles) character file.

50503 Faca the Impaler (level 14, -10/123 HPs)
             Began as a Merfolk Gladiator on Aug 21, 2018.
             Was a Believer of Uskayaw.
             Killed from afar by a fire dragon (50 damage)
             ... with a blast of flame
             ... on level 6 of the Lair of Beasts.
             The game lasted 01:08:18 (27644 turns).

Faca the Impaler (Merfolk Gladiator)               Turns: 27644, Time: 01:08:19

Health: -10/123    AC: 12    Str: 15    XL:     14   Next: 55%
Magic:  14/14      EV: 29    Int:  8    God:    Uskayaw [**....]
Gold:   1398       SH:  7    Dex: 22    Spells: 13/13 levels left

rFire    . . .     SeeInvis .   j - +2 trident (flame)
rCold    . . .     Gourm    .   J - +0 buckler
rNeg     . . .     Faith    .   S - +0 swamp dragon scales
rPois    +         Spirit   .   c - +0 helmet
rElec    .         Reflect  .   A - +2 cloak {MR+}
rCorr    .         Harm     .   z - +0 pair of gloves
MR       ++...                  (boots currently unavailable)
Stlth    ++........             g - amulet of the acrobat
HPRegen  0.30/turn              G - +3 ring of dexterity
MPRegen  0.14/turn              E - +3 ring of evasion

@: very quick
A: change form in water, swift swim, stealthy swim
a: Stomp, Line Pass, Renounce Religion


You were on level 6 of the Lair of Beasts.
You worshipped Uskayaw.
Uskayaw was noncommittal.
You were not hungry.

You visited 3 branches of the dungeon, and saw 18 of its levels.
You also visited: Bailey.

You collected 1398 gold pieces.

Inventory:

Hand Weapons
 j - a +2 trident of flaming (weapon)
 B - the +7 quarterstaff of Breach {crush, +Fly rElec MR+ Int+3}
   (You took it off an orc knight in a bailey)

   It inflicts extra damage upon your enemies.
   It affects your intelligence (+3).
   It insulates you from electricity.
   It affects your resistance to hostile enchantments.
   It lets you fly.
Missiles
 d - 11 throwing nets
 m - 60 tomahawks of returning
 w - 7 tomahawks (quivered)
 I - 3 poisoned tomahawks
 R - 8 javelins
Armour
 c - a +0 helmet (worn)
 e - +0 steam dragon scales
 l - a +0 pair of boots (melded)
 z - a +0 pair of gloves (worn)
 A - a +2 cloak of magic resistance (worn)
 J - a +0 buckler (worn)
 S - +0 swamp dragon scales (worn)
Jewellery
 g - an amulet of the acrobat (around neck)
 E - a +3 ring of evasion (right hand)
 G - a +3 ring of dexterity (left hand)
 O - an uncursed amulet of magic regeneration {unknown}
 P - an uncursed ring of protection from cold
Wands
 o - a wand of digging (12)
 x - a wand of disintegration (12)
 D - a wand of iceblast (37)
 H - a wand of flame (26)
 N - a wand of paralysis (20)
Scrolls
 b - a scroll of immolation
 h - a scroll of silence
 n - 5 scrolls of teleportation
 p - 2 scrolls of magic mapping
 u - a scroll of fog
 v - 9 scrolls of remove curse
 y - 5 scrolls of enchant armour
 F - a scroll of fear
Potions
 a - a potion of brilliance
 k - 4 potions of cancellation
 q - 4 potions of might
 r - a potion of invisibility
 s - a potion of magic {unknown}
 t - 6 potions of flight
 C - 2 potions of lignification
 K - 2 potions of curing
 L - 2 potions of mutation
 M - a potion of agility {unknown}
 Q - a potion of haste
Comestibles
 f - 14 rations


   Skills:
 + Level 15.3 Fighting
 + Level 19.3 Polearms
 - Level 10.0 Throwing
 + Level 11.7 Dodging
 + Level 6.9 Shields


You had 13 spell levels left.
You didn't know any spells.
Your spell library contained the following spells:

 Spells                   Type           Power        Failure   Level  Hunger
 Animate Skeleton         Necr           N/A          65%         1    ##.....
 Apportation              Tloc           #.....       65%         1    ##.....
 Confusing Touch          Hex            #.....       65%         1    ##.....
 Infusion                 Chrm           #...         65%         1    ##.....
 Shock                    Conj/Air       #...         65%         1    ##.....
 Sting                    Conj/Pois      #...         65%         1    ##.....
 Summon Small Mammal      Summ           #...         65%         1    ##.....
 Poisonous Vapours        Pois/Air       #.....       78%         2    ###....
 Swiftness                Chrm/Air       #.......     78%         2    ###....
 Throw Frost              Conj/Ice       #.....       78%         2    ###....
 Mephitic Cloud           Conj/Pois/Air  #.......     95%         3    ####...
 Regeneration             Chrm/Necr      #.........   95%         3    ####...
 Spectral Weapon          Hex/Chrm       #.......     95%         3    ####...
 Static Discharge         Conj/Air       #.......     95%         3    ####...
 Airstrike                Air            #.........   100%        4    #####..
 Olgreb's Toxic Radiance  Pois           #.......     100%        4    #####..
 Lightning Bolt           Conj/Air       #.........   100%        5    ######.
 Venom Bolt               Conj/Pois      #.........   100%        5    ######.
 Bolt of Cold             Conj/Ice       #.........   100%        6    #######


Dungeon Overview and Level Annotations

Branches:
Dungeon (11/15)            Temple (1/1) D:4            Lair (6/6) D:10
 Shoals (0/4) Lair:3       Spider (0/4) Lair:3        Slime (0/5) Lair:6
    Orc (0/2) D:9

Altars:
Ashenzari
Cheibriados
Dithmenos
Elyvilon
Fedhas
Gozag
Hepliaklqana
Kikubaaqudgha
Makhleb
Nemelex Xobeh
Okawaru
Qazlal
Ru
Sif Muna
Trog
Uskayaw
Vehumet
Wu Jian
Xom
Yredelemnul
Zin
The Shining One
Jiyva

Annotations:
D:5 5 runed doors
D:11 Snorg
Lair:2 exclusion: oklob plant


Message History

You puncture the fire dragon!
The fire dragon is heavily wounded.
You are engulfed in a cloud of scalding steam.
The fire dragon misses you. The fire dragon barely misses you.
The fire dragon tramples you.
You stumble backwards!
Your +0 pair of boots unmelds from your body.
Your legs become a tail as you enter the water.
Your +0 pair of boots melds into your body.
You hit the fire dragon.
The fire dragon is severely wounded.
You block the fire dragon's attack. The fire dragon claws you.
The fire dragon tramples you!
You stumble backwards!
Floosh!
You hit the fire dragon but do no damage.
The fire dragon is severely wounded.
You hit the fire dragon.
The fire dragon is severely wounded.
The fire dragon breathes flames at you. The blast of flame hits you!
You die...

.........
♣.♣..÷.≈..♣♣♣≈≈P.♣
...... ♣♣♣..÷≈≈.♣♣
♣♣≈... ♣♣P.[≈≈≈P♣♣
♣ ♣≈≈≈ ♣♣.♣≈♣.≈♣♣♣
/.[ ♣≈≈
♣P≈≈≈♣.♣♣♣♣.(()$
♣≈
♣.≈≈♣♣♣♣♣.♣$...$ ≈
♣.≈≈♣.♣...P..(..
♣.≈≈.≈.≈≈.≈≈(≈≈≈
♣.P@≈≈≈≈≈.≈(≈≈(≈
♣...D≈≈≈≈≈(≈≈≈.≈
♣♣...≈≈≈≈(≈≈..♣
♣♣♣..≈≈(((.♣♣♣
♣♣♣♣♣♣♣♣♣♣


You could see a fire dragon.

Vanquished Creatures
  Harold (D:7)
  6 hydras
  A catoblepas (Lair:6)
  A two-headed ogre (D:5)
  2 alligators (Lair:5)
  9 death yaks
  An unseen horror (D:9)
  3 swamp dragons
  A wolf spider (Lair:3)
  An orc knight (Bailey)
  11 elephants
  2 torpor snails
  5 spiny frogs
  5 black mambas
  10 komodo dragons
  3 rime drakes
  4 merfolk
  3 meliai (D:10)
  A troll (D:10)
  A polar bear (Lair:5)
  A hornet (D:10)
  14 blink frogs
  3 slime creatures (Lair:5)
  6 hippogriffs
  34 yaks
  A wyvern (Lair:3)
  7 basilisks
  2 hungry ghosts
  3 steam dragons (Lair:6)
  Grum (D:9)
  A warg (Lair:6)
  An acid dragon (Lair:6)
  A hell hound (Lair:6)
  7 water moccasins
  8 porcupines
  11 orc warriors
  2 swamp drakes (Lair:6)
  2 ice beasts
  A black bear (D:9)
  6 ogres
  A phantom (D:5)
  33 wolves
  2 centaurs
  18 crocodiles
  8 bullfrogs
  6 scorpions
  11 killer bees
  4 wights (D:8)
  3 electric eels
  2 howler monkeys (D:4)
  2 crimson imps (D:6)
  A quasit (D:7)
  10 hounds
  4 orc priests
  A jelly (D:6)
  A centaur skeleton (D:6)
  3 iguanas
  11 orc wizards
  9 worker ants
  2 hound zombies
  A hound skeleton (D:7)
  A howler monkey zombie (D:8)
  A howler monkey skeleton (D:8)
  10 adders
  8 gnolls
  6 shadow imps
  2 adder zombies
  11 dart slugs
  9 leopard geckos
  51 orcs
  4 bats
  3 giant cockroaches
  11 goblins
  4 hobgoblins
  11 jackals
  4 quokkas
  2 ball pythons (D:4)
  6 frilled lizards
  A giant cockroach zombie (D:5)
  A jackal zombie (D:5)
  19 kobolds
  3 quokka zombies
  9 rats
  A fungus (Lair:5)
494 creatures vanquished.

Vanquished Creatures (others)
  An orc wizard (D:8)
  A bush (Lair:6)
  8 fungi
  22 plants
32 creatures vanquished.

Grand Total: 526 creatures vanquished

Notes
Turn   | Place    | Note
-------+----------+-------------------------------------------
     0 | D:1      | Faca the Merfolk Gladiator began the quest for the Orb.
     0 | D:1      | Reached XP level 1. HP: 16/16 MP: 1/1
   233 | D:1      | Reached XP level 2. HP: 23/23 MP: 2/2
   627 | D:1      | Reached skill level 5 in Polearms
   930 | D:2      | Found a basalt altar of Yredelemnul.
  1053 | D:2      | Reached XP level 3. HP: 21/29 MP: 3/3
  1827 | D:3      | Reached XP level 4. HP: 32/35 MP: 4/4
  1860 | D:3      | Reached skill level 6 in Polearms
  1917 | D:3      | Reached XP level 5. HP: 40/42 MP: 5/5
  2059 | D:3      | Reached skill level 7 in Polearms
  2761 | D:4      | Reached skill level 5 in Fighting
  2761 | D:4      | Reached XP level 6. HP: 51/51 MP: 6/6
  3054 | D:4      | Reached skill level 8 in Polearms
  3592 | D:4      | Found a staircase to the Ecumenical Temple.
  3599 | Temple   | Entered the Ecumenical Temple
  3713 | Temple   | Became a worshipper of Uskayaw the Reveler
  3791 | D:4      | Reached * piety under Uskayaw
  3794 | D:4      | Reached ** piety under Uskayaw
  4086 | D:4      | Reached XP level 7. HP: 57/57 MP: 7/7
  4436 | D:5      | Entered Level 5 of the Dungeon
  4584 | D:5      | Reached skill level 9 in Polearms
  4682 | D:5      | Found the +9 staff of Olgreb {rPois}
  4876 | D:5      | Found a runed door.
  4903 | D:5      | Reached *** piety under Uskayaw
  4910 | D:5      | Found a runed gate.
  4910 | D:5      | Noticed a soldier ant
  4910 | D:5      | Noticed a soldier ant
  4911 | D:5      | Found a runed door.
  4930 | D:5      | Found a runed gate.
  4931 | D:5      | Found a runed gate.
  4931 | D:5      | Noticed a soldier ant
  5130 | D:5      | Noticed a two-headed ogre
  5146 | D:5      | Killed a two-headed ogre
  5146 | D:5      | Reached skill level 11 in Polearms
  5146 | D:5      | Reached XP level 8. HP: 69/69 MP: 8/8
  5729 | D:5      | Reached XP level 9. HP: 38/75 MP: 9/9
  6066 | D:6      | Reached skill level 12 in Polearms
  6597 | D:7      | Reached skill level 5 in Dodging
  6669 | D:7      | Found a flagged portal.
  6699 | Bailey   | Entered a bailey
  6733 | Bailey   | Noticed an orc knight
  7413 | Bailey   | Killed an orc knight
  7549 | Bailey   | Reached skill level 10 in Fighting
  7556 | Bailey   | Reached skill level 13 in Polearms
  7855 | Bailey   | Got a scorched quarterstaff {crush}
  7856 | Bailey   | Identified the +7 quarterstaff of Breach {crush, +Fly rElec MR+ Int+3} (You took it off an orc knight in a bailey)
  7896 | D:7      | Noticed Harold
  7906 | D:7      | Reached **** piety under Uskayaw
  7909 | D:7      | Reached ***** piety under Uskayaw
  7911 | D:7      | Killed Harold
  7911 | D:7      | Reached XP level 10. HP: 50/86 MP: 10/10
  8636 | D:7      | Reached skill level 5 in Throwing
  8879 | D:8      | Reached skill level 14 in Polearms
  9839 | D:9      | Killed an unseen horror
  9839 | D:9      | Reached XP level 11. HP: 71/93 MP: 11/11
 10322 | D:9      | Reached skill level 15 in Polearms
 10687 | D:9      | Found a staircase to the Orcish Mines.
 10965 | D:9      | Noticed Grum
 10983 | D:9      | Killed Grum
 11292 | D:10     | Entered Level 10 of the Dungeon
 11762 | D:10     | Found a staircase to the Lair.
 12302 | D:10     | Found a bloodstained altar of Trog.
 12747 | D:10     | Paralysed by a hornet for 3 turns
 13171 | D:11     | Noticed Snorg
 13235 | D:11     | Noticed a green ugly thing
 13304 | Lair:1   | Entered Level 1 of the Lair of Beasts
 13795 | Lair:1   | Reached skill level 16 in Polearms
 14729 | Lair:2   | Reached XP level 12. HP: 103/103 MP: 12/12
 14731 | Lair:2   | Noticed a five-headed hydra
 14746 | Lair:2   | Killed a five-headed hydra
 15711 | Lair:2   | Identified the Volume of Lucky Snow
 16777 | Lair:3   | Found a staircase to the Shoals.
 18098 | Lair:3   | Reached skill level 17 in Polearms
 18295 | Lair:3   | Found a hole to the Spider Nest.
 19585 | Lair:4   | Reached skill level 10 in Throwing
 19931 | Lair:4   | Reached skill level 1 in Shields
 19986 | Lair:4   | Noticed a four-headed hydra
 19995 | Lair:4   | Killed a four-headed hydra
 19995 | Lair:4   | Reached XP level 13. HP: 65/112 MP: 13/13
 21779 | Lair:5   | Reached skill level 18 in Polearms
 21787 | Lair:5   | Reached ****** piety under Uskayaw
 23113 | Lair:5   | Reached skill level 10 in Dodging
 23525 | Lair:6   | Entered Level 6 of the Lair of Beasts
 23758 | Lair:5   | Reached skill level 5 in Shields
 24228 | Lair:5   | Reached XP level 14. HP: 113/121 MP: 14/14
 25622 | Lair:6   | Reached skill level 15 in Fighting
 25776 | Lair:6   | Reached skill level 19 in Polearms
 26761 | Lair:6   | Found a viscous altar of Jiyva.
 26761 | Lair:6   | Found a staircase to the Slime Pits.
 27644 | Lair:6   | Killed from afar by a fire dragon

Skill      XL: |  1  2  3  4  5  6  7  8  9 10 11 12 13 14 |
---------------+-------------------------------------------+-----
Polearms       | 5 6 7 8 11 13 14 16 17 18 19 | 19.3
Fighting       | 3 4 5 8 10 11 12 13 14 15 | 15.3
Dodging        | 5 8 10 11 | 11.7
Throwing       | 4 6 8 10 | 10.0
Shields        | 1 5 6 |  6.9

Action                   |  1- 3 |  4- 6 |  7- 9 | 10-12 | 13-15 || total
-------------------------+-------+-------+-------+-------+-------++-------
Melee: Trident           |   109 |   196 |   508 |   683 |   816 ||  2312
       Tailslap          |       |     3 |    12 |       |     6 ||    21
       Quarterstaff      |       |       |    18 |   318 |       ||   336
Throw: Throwing net      |       |       |     1 |       |       ||     1
       Tomahawk          |       |       |    10 |    50 |    69 ||   129
  Use: Scroll            |       |    13 |     2 |    13 |     3 ||    31
       Potion            |       |       |       |     8 |     1 ||     9
 Stab: Sleeping          |     1 |     1 |       |     2 |       ||     4
       Held in net/web   |       |       |     4 |       |       ||     4
       Paralysed         |       |       |    13 |    43 |    39 ||    95
       Petrified         |       |       |       |       |    12 ||    12
       Distracted        |       |       |       |       |     1 ||     1
  Eat: Chunk             |     2 |     1 |     3 |    12 |     3 ||    21
       Ration            |     1 |     1 |     3 |     9 |     7 ||    21
Armor: Leather armour    |     7 |       |       |       |       ||     7
       Ring mail         |    18 |    35 |    73 |   192 |    69 ||   387
       Swamp dragon scal |       |       |       |       |    44 ||    44
Dodge: Dodged            |    62 |   114 |   201 |   724 |   431 ||  1532
Block: Buckler           |       |       |       |    76 |   137 ||   213
